 Dungeon Crawl Stone Soup version 0.18.1-8-gdd0e5ea (webtiles) character file.

2437 buf2 the Covered (level 9, -13/68 HPs)
             Began as a Human Wanderer on May 31, 2016.
             Was an Initiate of Sif Muna.
             Mangled by a troll (15 damage)
             ... on level 7 of the Dungeon on June 2, 2016.
             The game lasted 01:04:03 (9151 turns).

buf2 the Covered (Human Wanderer)                   Turns: 9151, Time: 01:04:04

Health: -13/68     AC:  8    Str: 15    XL:     9   Next: 77%
Magic:  9/9        EV: 14    Int: 14    God:    Sif Muna [......]
Gold:   378        SH:  0    Dex: 15    Spells: 0 memorised, 8 levels left

rFire  . . .     SeeInvis .     a - +2 short sword (speed)
rCold  . . .     Gourm    .     d - +1 ring mail
rNeg   . . .     Faith    .     (no shield)
rPois  .         Spirit   .     s - +0 helmet
rElec  .         Dismiss  .     (no cloak)
rCorr  .         Reflect  .     (no gloves)
SustAt .         Harm     .     (no boots)
MR     .....                    (no amulet)
Stlth  +.........               (no ring)
                                A - +3 ring of dexterity

@: not resistant to hostile enchantments, very unstealthy
A: no striking features
a: Renounce Religion


You were on level 7 of the Dungeon.
You worshipped Sif Muna.
Sif Muna was noncommittal.
You were not hungry.

You visited 2 branches of the dungeon, and saw 9 of its levels.

You collected 378 gold pieces.

Inventory:

Hand Weapons
 a - a +2 short sword of speed (weapon)
 b - a +0 shortbow
 j - a +0 scythe
 m - a +0 falchion
 o - a +0 short sword
 q - a +0 whip of freezing
 t - a +0 dagger
 y - a +0 hand axe
 E - a +0 long sword
 J - a +0 mace of draining
 L - a +0 war axe
 Q - a +0 rapier
 T - a +0 shortbow
Missiles
 c - 146 arrows
 k - 4 tomahawks (quivered)
 p - 205 stones
 r - 59 poisoned needles
 w - 4 needles of frenzy
 x - 35 bolts
 P - 2 curare-tipped needles
 S - 45 sling bullets
Armour
 d - a +1 ring mail (worn)
 s - a +0 helmet (worn)
 B - a cursed +0 chain mail
Jewellery
 v - an uncursed ring of teleportation
 A - a +3 ring of dexterity (left hand)
 O - an uncursed ring of sustain attributes {unknown}
Wands
 l - a wand of disintegration (4/24)
 M - a wand of teleportation (2/9)
Scrolls
 F - 2 scrolls of teleportation
 K - 2 scrolls of remove curse
Potions
 e - 3 potions of flight
 z - 2 potions of magic
 D - 2 potions of degeneration
 G - a potion of agility
 I - 3 potions of mutation
 N - a potion of might {unknown}
 R - a potion of invisibility {unknown}
Books
 H - a book of Alchemy

   Spells                             Type                      Level
   a - Sublimation of Blood           Necromancy                   2
   b - Ignite Poison                  Fire/Transmutation/Poison    3
   c - Petrify                        Transmutation/Earth          4
   d - Alistair's Intoxication        Transmutation/Poison         5
   e - Irradiate                      Conjuration/Transmutation    5
Miscellaneous
 n - a phial of floods (inert)
Comestibles
 f - 5 bread rations
 g - 2 meat rations
 h - 3 beef jerkies
 u - 3 fruits


   Skills:
 + Level 5.0 Fighting
 + Level 4.4 Short Blades
 + Level 5.9 Bows
   Level 2.0 Crossbows
 + Level 1.0 Throwing
 + Level 6.6 Armour
 + Level 6.2 Dodging
 + Level 2.1 Stealth
 + Level 1.2 Evocations


You had 8 spell levels left.
You didn't know any spells.

Dungeon Overview and Level Annotations

Branches:
Dungeon (8/15)             Temple (1/1) D:4            Lair (0/8) D:8

Altars:
Ashenzari
Cheibriados
Dithmenos
Elyvilon
Fedhas
Gozag
Kikubaaqudgha
Makhleb
Nemelex Xobeh
Okawaru
Pakellas
Ru
Sif Muna
Trog
Vehumet
Yredelemnul
The Shining One

Shops:
D:8 !

Annotations:
D:8 protoss039's ghost, novice GrFi


Message History

Drink which item? (? for menu, Esc to quit)
Okay, then.
Evoke which item? (* to show all) (? for menu, Esc to quit)
Okay, then.
Evoke which item? (* to show all) (? for menu, Esc to quit)
Zapping:
M - a wand of teleportation (will waste charges)
Press: ? - help, Shift-Dir - straight line, f - troll
Aim: a troll (heavily wounded, chance to defeat MR: 56%)
The troll resists with significant effort.
Evoking this partially-identified wand wasted a few charges.
The troll bites you.
* * * LOW HITPOINT WARNING * * *
The troll misses you. The troll closely misses you.
Evoke which item? (* to show all) (? for menu, Esc to quit)
Zapping:
l - a wand of disintegration (5/24)
Press: ? - help, Shift-Dir - straight line, f/p - troll
Aim: a troll (heavily wounded, chance to defeat MR: 70%)
The troll struggles to resist.
This wand has 4 charges left.
The troll bites you!
You die...

####### ###
#...... #@#
#...... #T####
#...... #....#
#....## #.##.#####
#....#.
#.##.....###....#.
#.#.............#.
#.######.###....##
#....###.# ###....
#..#...#.#####....


You could see a troll.

Vanquished Creatures
  Pikel (D:4)
  Sigmund (D:4)
  The ghost of Liquid the Skirmisher, an amateur FoAK of Lugonu (D:3)
  A water moccasin (D:7)
  A phantom (D:7)
  An ice beast (D:5)
  3 ogres
  A centaur (D:8)
  A big kobold (D:7)
  2 giant frogs
  A wyvern zombie (D:7)
  A killer bee (D:8)
  2 howler monkeys (D:6)
  A centaur zombie (D:4)
  3 crimson imps
  An orc priest (D:5)
  2 hounds
  A centaur skeleton (D:5)
  A jelly (D:3)
  An orc wizard (D:5)
  2 iguanas
  3 worker ants
  3 hound skeletons
  Robin (D:2)
  A howler monkey zombie (D:6)
  4 gnolls (D:5)
  9 adders
  An ooze (D:7)
  3 worms
  A dart slug (D:1)
  4 giant geckos
  11 orcs
  4 giant cockroaches
  11 hobgoblins
  7 jackals
  A quokka (D:2)
  8 bats
  3 giant gecko skeletons
  5 giant newts
  8 goblins
  2 jackal zombies (D:4)
  13 kobolds
  2 quokka zombies
  4 rats
138 creatures vanquished.

Vanquished Creatures (collateral kills)
  2 slaves (D:4)
  A ball python zombie (D:4)
  A giant gecko zombie (D:4)
4 creatures vanquished.

Vanquished Creatures (others)
  A slave (D:4)
  A hound (D:4)
  A howler monkey (D:4)
  2 worms (D:4)
  A giant gecko skeleton (D:4)
6 creatures vanquished.

Grand Total: 148 creatures vanquished

Notes
Turn   | Place    | Note
--------------------------------------------------------------
     0 | D:1      | buf2 the Human Wanderer began the quest for the Orb.
     0 | D:1      | buf2 set off with: a phial of floods, a +0 shortbow, 26 arrows, a +0 ring mail, a bread ration
     0 | D:1      | Reached XP level 1. HP: 16/16 MP: 1/1
   478 | D:1      | Reached XP level 2. HP: 22/22 MP: 2/2
   903 | D:1      | Reached skill level 1 in Bows
   962 | D:1      | Reached XP level 3. HP: 27/27 MP: 3/3
  1371 | D:2      | Found a bloodstained altar of Trog.
  1415 | D:2      | Found a blossoming altar of Fedhas.
  1443 | D:2      | Reached skill level 1 in Dodging
  1846 | D:2      | Noticed Robin
  1870 | D:2      | Reached XP level 4. HP: 17/33 MP: 4/4
  1880 | D:2      | Killed Robin
  2468 | D:3      | Reached XP level 5. HP: 39/39 MP: 5/5
  2637 | D:3      | Noticed Liquid's ghost (amateur FoAK)
  2651 | D:3      | Killed Liquid's ghost
  2651 | D:3      | Reached skill level 1 in Short Blades
  2651 | D:3      | Reached skill level 5 in Armour
  2651 | D:3      | Reached XP level 6. HP: 30/46 MP: 6/6
  3384 | D:4      | Noticed Pikel
  3384 | D:4      | Noticed a slave
  3384 | D:4      | Noticed a slave
  3384 | D:4      | Noticed a slave
  3388 | D:4      | Noticed a slave
  3408 | D:4      | Killed a slave
  3411 | D:4      | Killed a slave
  3447 | D:4      | Killed Pikel
  3447 | D:4      | Reached skill level 1 in Stealth
  3447 | D:4      | Reached XP level 7. HP: 17/52 MP: 7/7
  3447 | D:4      | Reached XP level 8. HP: 19/58 MP: 8/8
  3499 | D:4      | Found a basalt altar of Yredelemnul.
  3741 | D:4      | Noticed Sigmund
  3781 | D:4      | Killed Sigmund
  4056 | D:4      | Found an oddly glowing altar of Pakellas.
  4161 | D:4      | Found an opulent altar of Gozag.
  4345 | D:4      | Reached skill level 5 in Dodging
  4470 | D:4      | Found a staircase to the Ecumenical Temple.
  4499 | Temple   | Entered the Ecumenical Temple
  5033 | D:5      | Entered Level 5 of the Dungeon
  6097 | D:5      | Reached XP level 9. HP: 65/65 MP: 9/9
  6554 | D:6      | Reached skill level 5 in Bows
  8351 | D:7      | Found a deep blue altar of Sif Muna.
  8357 | D:7      | Became a worshipper of Sif Muna the Loreminder
  8416 | D:8      | Found a staircase to the Lair.
  8416 | D:8      | Noticed an elephant
  8455 | D:8      | Found a burning altar of Makhleb.
  8455 | D:8      | Found Udiseobb's Distillery.
  8489 | D:8      | Reached skill level 5 in Fighting
  8775 | D:8      | Noticed protoss039's ghost (novice GrFi)
  8784 | D:8      | Noticed a troll
  9148 | D:8      | HP: 3/68 [troll (11)]
  9151 | D:7      | Mangled by a troll

Skill      XL: |  1  2  3  4  5  6  7  8  9 |
---------------+----------------------------+-----
Bows           | 1 2 3 4 5 |  5.9
Dodging        | 1 2 4 5 6 |  6.2
Short Blades   | 1 2 3 4 |  4.4
Armour         | 5 6 |  6.6
Fighting       | 3 4 5 |  5.0
Stealth        | 1 2 |  2.1
Crossbows      | |  2.0
Throwing       | |  1.0
Evocations     | |  1.2

Action                   |  1- 3 |  4- 6 |  7- 9 || total
-------------------------+-------+-------+-------++-------
Melee: Unarmed           |    27 |       |       ||    27
       Dagger            |    45 |       |       ||    45
       Short sword       |    54 |   153 |   535 ||   742
 Fire: Shortbow          |    52 |    31 |   126 ||   209
Throw: Tomahawk          |       |     1 |       ||     1
Evoke: Phial of floods   |       |     1 |       ||     1
       Wand              |       |       |     5 ||     5
  Use: Scroll            |     3 |     7 |     8 ||    18
       Potion            |       |     3 |     4 ||     7
  Eat: Chunk             |     2 |     4 |     8 ||    14
       Pizza             |     1 |       |     3 ||     4
       Bread ration      |       |       |     1 ||     1
       Royal jelly       |       |       |     1 ||     1
       Fruit             |       |       |     1 ||     1
Armor: Ring mail         |    51 |    43 |    95 ||   189
       Skin              |       |    71 |       ||    71
Dodge: Dodged            |    78 |    73 |   237 ||   388
